 Dungeon Sprint DCSS version 0.28-a0-245-g639a1a48b9 (webtiles) character file.

Game seed: 9111233076804526719

2741 jt the Severer (level 9, 0/83 HPs)
             Began as a Palentonga Fighter on Aug 24, 2021.
             Was a Priest of Okawaru.
             Splashed by an oklob plant's acid (10 damage)
             ... in the Dungeon (Sprint I: "Red Sonja").
             The game lasted 00:03:07 (1047 turns).

jt the Severer (Palentonga Fighter)                 Turns: 1047, Time: 00:03:09

Health: 0/83       AC:  5    Str: 23    XL:     9   Next: 40%
Magic:  10/10      EV:  8    Int:  8    God:    Okawaru [***...]
Gold:   492        SH: 10    Dex: 10    Spells: 8/8 levels left

rFire   . . .      SeeInvis +   a - +0 war axe
rCold   . . .      Faith    .   c - +0 kite shield
rNeg    . . .      Spirit   .   i - +0 ring mail
rPois   .          Reflect  .   (no helmet)
rElec   .          Harm     .   (no cloak)
rCorr   .          Rampage  .   (no gloves)
Will    .....      NoTele   +   (no barding)
Stlth   ..........              (no amulet)
HPRegen 0.23/turn               (no ring)
MPRegen 0.12/turn               (no ring)

@: corroded, curled up
A: large, rugged brown scales 3, see invisible, deformed body, roll 1, armoured
tail, reflexive curl
a: Rolling Charge, Renounce Religion, Heroism


You were in the Dungeon.
You worshipped Okawaru.
Okawaru was most pleased with you.
You visited 1 branch You collected 541 gold pieces.
You spent 49 gold pieces at shops.

Inventory:

Hand Weapons
 a - a +0 war axe (weapon)
 e - a +1 scythe of venom
 f - a +0 longbow
 n - a +0 longbow
Missiles
 m - 46 arrows
 p - 16 sling bullets
 q - 18 stones
Armour
 b - a +0 scale mail
 c - a +0 kite shield (worn)
 i - a +0 ring mail (worn)
Wands
 o - a wand of polymorph (8)
Scrolls
 j - a scroll of blinking
 k - 2 scrolls of identify {unknown}
 l - a scroll of fear
Potions
 d - a potion of might
 g - a potion of haste
 h - 3 potions of magic


   Skills:
 + Level 10.2 Fighting
 - Level 16.0 Axes
 + Level 2.4 Armour
 + Level 0.0 Dodging
 - Level 9.0 Shields
 - Level 2.0 Invocations


You had 8 spell levels left.
You didn't know any spells.
Your spell library was empty.

Dungeon Overview and Level Annotations

Branches:
Dungeon (1/1)

Altars:
Cheibriados
Dithmenos
Elyvilon
Fedhas
Gozag
Hepliaklqana
Kikubaaqudgha
Makhleb
Nemelex Xobeh
Okawaru
Qazlal
Ru
Sif Muna
Trog
Uskayaw
Vehumet
Wu Jian
Xom
Yredelemnul
Zin
The Shining One
Jiyva
Lugonu

Shops:
D ?

Annotations:
D exclusion: oklob plant


Innate Abilities, Weirdness & Mutations

You are completely covered in rugged brown scales. (AC +3, +7% HP)
You have supernaturally acute eyesight. (SInv)
Armour fits poorly on your strangely shaped body.
You can roll at nearby foes to attack.
You have a long armoured tail.
You curl defensively after being hit.


Message History

Press: ? - help, Dir - move target, f - oklob plant
Aim: an oklob plant You roll forward with a clatter of scales!
You hit the oklob plant.
The oklob plant is lightly damaged.
Unknown command.
You hit the oklob plant but do no damage.
The oklob plant is lightly damaged.
You slash the oklob plant!
The oklob plant is moderately damaged.
You hit the oklob plant but do no damage.
You tail-slap the oklob plant!
The oklob plant is heavily damaged.
The oklob plant spits acid at you. The splash of acid hits you!
You are splashed with acid!
You hit the oklob plant. You tail-slap the oklob plant.
The oklob plant is severely damaged.
You hit the oklob plant.
The oklob plant is almost destroyed.
You hit the oklob plant but do no damage.
The oklob plant is severely damaged.
You hit the oklob plant but do no damage.
The oklob plant is severely damaged.
The oklob plant spits acid at you. The splash of acid hits you.
You are splashed with acid!
You hit the oklob plant but do no damage.
The oklob plant is severely damaged.
The oklob plant spits acid at you. The splash of acid hits you!
The acid corrodes you!
You are splashed with acid!
* * * LOW HITPOINT WARNING * * *
You hit the oklob plant.
The oklob plant is almost destroyed.
You completely miss the oklob plant.
You tail-slap the oklob plant, but do no damage.
The oklob plant is almost destroyed.
The oklob plant spits acid at you. The splash of acid hits you!
* * * LOW HITPOINT WARNING * * *
The acid corrodes you!
You are splashed with acid!
You die...

###################
..#..'..#__#..'.).#
..'[.#..'..'..#.).#
#'#####'#__####...+
..#...#.####§§#####
###..##.#§§§§§#..#
__##'#_÷'§§§§§§..#
...÷..._#≈§§§.#..#
__##_.#§##§#####@#
__###+#.#)§..# #P+
### ####+### ###


You could see an oklob plant.

Vanquished Creatures
  2 centaur warriors (D)
  2 kobold demonologists (D)
  A slime creature (D)
  A hornet (D)
  Sigmund (D)
  A yak (D)
  A floating eye (D)
  An ogre (D)
  A jelly (D)
  Ijyb (D)
12 creatures vanquished.

Notes
Turn   | Place    | Note
-------+----------+-------------------------------------------
     0 | D        | jt the Palentonga Fighter began the quest for the Orb.
     0 | D        | Reached XP level 1. HP: 19/19 MP: 1/1
     2 | D        | Noticed Ijyb
    11 | D        | Killed Ijyb
    12 | D        | Reached skill level 3 in Axes
    12 | D        | Reached XP level 2. HP: 19/27 MP: 2/2
    91 | D        | Noticed an ogre
    99 | D        | Killed an ogre
   100 | D        | Reached skill level 5 in Axes
   100 | D        | Reached skill level 5 in Shields
   100 | D        | Reached XP level 3. HP: 36/36 MP: 3/3
   100 | D        | Reached XP level 4. HP: 42/42 MP: 4/4
   139 | D        | Noticed Sigmund
   147 | D        | Killed Sigmund
   148 | D        | Reached skill level 7 in Axes
   148 | D        | Reached XP level 5. HP: 20/52 MP: 5/5
   148 | D        | Reached XP level 6. HP: 23/59 MP: 6/6
   334 | D        | Found a shimmering blue altar of Sif Muna.
   335 | D        | Found an ornate altar of the Wu Jian Council.
   336 | D        | Found a radiant altar of Vehumet.
   414 | D        | Found Ypipis's Magic Scroll Emporium.
   414 | D        | Found an ancient bone altar of Kikubaaqudgha.
   414 | D        | Found a hazy altar of Hepliaklqana.
   414 | D        | Found a hide-covered altar of Uskayaw.
   414 | D        | Found a basalt altar of Yredelemnul.
   414 | D        | Found an opulent altar of Gozag.
   414 | D        | Found a snail-covered altar of Cheibriados.
   414 | D        | Found a sacrificial altar of Ru.
   414 | D        | Found a shadowy altar of Dithmenos.
   414 | D        | Noticed a yak
   424 | D        | Killed a yak
   425 | D        | Reached skill level 8 in Axes
   425 | D        | Found a stormy altar of Qazlal.
   425 | D        | Found a blossoming altar of Fedhas.
   425 | D        | Found a bloodstained altar of Trog.
   425 | D        | Found an iron altar of Okawaru.
   425 | D        | Found a glowing golden altar of the Shining One.
   425 | D        | Found a glowing silver altar of Zin.
   425 | D        | Found a white marble altar of Elyvilon.
   426 | D        | Found a sparkling altar of Nemelex Xobeh.
   430 | D        | Bought a scroll of fear for 49 gold pieces
   431 | D        | Became a worshipper of Warmaster Okawaru
   467 | D        | Found a viscous altar of Jiyva.
   467 | D        | Found a corrupted altar of Lugonu.
   467 | D        | Noticed a slime creature
   468 | D        | Found a burning altar of Makhleb.
   468 | D        | Found a shimmering altar of Xom.
   476 | D        | Killed a slime creature
   477 | D        | Reached skill level 9 in Axes
   477 | D        | Gained mutation: You curl defensively after being hit.
                  | [Palentonga growth]
   477 | D        | Reached XP level 7. HP: 39/69 MP: 7/7
   618 | D        | Noticed a kobold demonologist
   619 | D        | Noticed a kobold demonologist
   621 | D        | Noticed a ynoxinul
   624 | D        | Paralysed by a floating eye for 2 turns
   630 | D        | Killed a kobold demonologist
   630 | D        | Reached * piety under Okawaru
   630 | D        | Paralysed by a floating eye for 2 turns
   631 | D        | Reached skill level 10 in Axes
   632 | D        | Killed a kobold demonologist
   633 | D        | Reached skill level 11 in Axes
   633 | D        | Reached XP level 8. HP: 61/77 MP: 8/8
   634 | D        | Reached skill level 12 in Axes
   705 | D        | Noticed a centaur warrior
   705 | D        | Noticed a centaur warrior
   718 | D        | Killed a centaur warrior
   718 | D        | Reached ** piety under Okawaru
   719 | D        | Reached skill level 14 in Axes
   723 | D        | Killed a centaur warrior
   723 | D        | Reached *** piety under Okawaru
   724 | D        | Reached skill level 15 in Axes
   724 | D        | Reached XP level 9. HP: 30/83 MP: 7/10
   959 | D        | Reached skill level 16 in Axes
   959 | D        | Reached skill level 10 in Fighting
  1036 | D        | Noticed an oklob plant
  1047 | D        | Splashed by an oklob plant's acid

Illustrated notes

Levels and vault maps discovered:
D:        dungeon_sprint_1 [red_sonja_temple_1, red_sonja_temple_small_1]

Skill      XL: |  1  2  3  4  5  6  7  8  9 |
---------------+----------------------------+-----
Fighting       | 4 6 7 9 10 | 10.2
Axes           | 3 5 7 9 11 15 16 | 16.0
Shields        | 3 5 6 8 9 |  9.0
Invocations    | 2 |  2.0
Armour         | |  2.4

Action                   |  1- 3 |  4- 6 |  7- 9 || total
-------------------------+-------+-------+-------++-------
Melee: War axe           |    15 |    27 |    43 ||    85
       Tailslap          |       |     7 |     5 ||    12
Invok: Heroism           |       |       |     1 ||     1
 Abil: Rolling Charge    |     1 |     3 |     4 ||     8
  Use: Potion            |     1 |     1 |     1 ||     3
Armor: Scale mail        |     5 |       |       ||     5
       Ring mail         |       |     4 |    34 ||    38
Dodge: Dodged            |     2 |     6 |    17 ||    25
Block: Kite shield       |     5 |     6 |    26 ||    37

Table legend: (Time is in decaauts)
 A = Elapsed time spent in this place.
 B = Non-inter-level travel time spent in this place.
 C = Inter-level travel time spent in this place.
 D = Time resting spent in this place.
 E = Time spent auto-exploring this place.
 F = Levels seen in this place.
 G = Mean time per level.
                   A        B        C        D        E       F      G
               +--------+--------+--------+--------+--------+-----+--------+
         Total |   1069 |   1069 |      0 |    782 |      0 |   1 | 1069.0 |
       Dungeon |   1069 |   1069 |      0 |    782 |      0 |   1 | 1069.0 |
               +--------+--------+--------+--------+--------+-----+--------+

Top non-repeatable levels by time:
       D: 1069 daAuts
